 Dungeon Crawl Stone Soup version 0.28-a0-1117-g0bdd5ba030 (webtiles) character file.

Game seed: 15066159184404363279

99 SensoryNuts the Skirmisher (level 4, 0/60 HPs)
             Began as a Draconian Fighter on Dec 11, 2021.
             Was a Believer of Elyvilon.
             Slain by spiderkeys's ghost (4 damage)
             ... on level 3 of the Dungeon.
             The game lasted 00:03:22 (2474 turns).

SensoryNuts the Skirmisher (Draconian Fighter)      Turns: 2474, Time: 00:03:23

Health: 0/60       AC: 22    Str: 20    XL:     4   Next: 45%
Magic:  4/4        EV:  2    Int:  9    God:    Elyvilon [**....]
Gold:   67         SH:  4    Dex: 10    Spells: 3/3 levels left

rFire   . . .      SeeInvis .   a - +0 long sword
rCold   . . .      Faith    .   b - +0 buckler
rNeg    . . .      Spirit   .   (armour unavailable)
rPois   +          Reflect  .   (helmet currently unavailable)
rElec   .          Harm     .   (cloak currently unavailable)
rCorr   .          Rampage  .   (gloves currently unavailable)
Will    .....      NoTele   +   (boots currently unavailable)
Stlth   +.........              (no amulet)
HPRegen 0.20/turn               (no ring)
MPRegen 0.09/turn               (no ring)

@: mighty, tree-form, attractive
A: stationary, stasis, torment immunity, boosted hp, AC +5, unfitting armour,
(cold-blooded), deterioration 1, (shaggy fur 1), MP-powered wands
a: Renounce Religion, Purification, Heal Other


You were on level 3 of the Dungeon.
You worshipped Elyvilon.
Elyvilon was pleased with you.
You were a tree.
You visited 1 branch of the dungeon, and saw 3 of its levels.

You collected 67 gold pieces.

Inventory:

Hand Weapons
 a - a +0 long sword (weapon)
 f - a +0 short sword of speed
Armour
 b - a +0 buckler (worn)
 m - a +0 robe
Jewellery
 h - a +6 ring of strength
Scrolls
 d - a scroll of teleportation {unknown}
 e - a scroll of blinking {unknown}
 g - 3 scrolls of identify {unknown}
 l - 2 scrolls of enchant armour {unknown}
Potions
 i - a potion of mutation


   Skills:
 + Level 3.9 Fighting
 + Level 3.4 Long Blades
 + Level 3.2 Dodging
 + Level 0.1 Stealth
 + Level 3.3 Shields


You had 3 spell levels left.
You didn't know any spells.
Your spell library contained the following spells:

 Spells                   Type           Power      Damage    Failure   Level
 Shock                    Conj/Air       0%         1d3       41%         1
 Swiftness                Air            0%         N/A       78%         3
 Airstrike                Air            0%         N/A       99%         4


Dungeon Overview and Level Annotations

Branches:
Dungeon (3/15)

Altars:
Elyvilon
Fedhas
Beogh

Annotations:
D:3 spiderkeys's ghost, amateur DEAK


Innate Abilities, Weirdness & Mutations

You are a tree.
Your roots penetrate the ground, keeping you stationary.
You cannot be teleported.
You are immune to unholy pain and torment.
Your maximum health is greatly increased.
Your equipment is partially melded.
((Your plain brown scales are hard. (AC +5)))
You cannot fit into any form of body armour.
((You are cold-blooded and may be slowed by cold attacks.))
Your body sometimes deteriorates upon taking damage.
((You are covered in fur. (AC +1)))
You expend magic power (3 MP) to strengthen your wands.


Message History

You closely miss the orc. You block the orc's attack.
You slash the orc!
You kill the orc!
Spiderkeys's ghost says very slowly, "There's no hope."
The orc misses you.
You slash the orc!
You kill the orc!
You slash the orc!
You kill the orc!
You feel very mighty all of a sudden. Spiderkeys's ghost hits you.
You blink.
Spiderkeys's ghost hits you but does no damage.
You closely miss spiderkeys's ghost. Spiderkeys's ghost closely misses you.
You slash spiderkeys's ghost!
Spiderkeys's ghost is moderately damaged.
Spiderkeys's ghost closely misses you.
You closely miss spiderkeys's ghost.
Spiderkeys's ghost is moderately damaged.
Spiderkeys's ghost hits you.
You blink.
You slash spiderkeys's ghost!
Spiderkeys's ghost is heavily damaged.
Spiderkeys's ghost points at you and mumbles some strange words.
The magic dart hits you. Spiderkeys's ghost hits you!
* * * LOW HITPOINT WARNING * * *
Space warps horribly around you! Elyvilon protects you from harm!
It was a potion of mutation.
You feel extremely strange. Fur sprouts all over your body.
You feel yourself wasting away.
You feel your magical essence link to the dungeon's wands.
Spiderkeys's ghost casts a spell at you.
The magic dart hits you!
* * * LOW HITPOINT WARNING * * *
It was a potion of lignification.
You turn into a tree.
Your roots penetrate the ground.
You block spiderkeys's ghost's attack.
It was a potion of attraction.
You feel attractive to monsters.
Spiderkeys's ghost wails, "To die, to sleep, no more."
Spiderkeys's ghost hits you but does no damage.
Space warps around you.
You die...

#############
#...........#
#.......###[####
########...............
#...)W♣....8....)......
#.###############'''###
#.# #..)..##...........
#.# #.###.##....#####..
#.# #.# #.##.###.....##
#.###.# #.##.#8#..8..#8
#.....# #..#...........
####### #..#8....[_[...
#>.##### ##


You could see spiderkeys's ghost.

Vanquished Creatures
  Jessica (D:3)
  An adder (D:3)
  A gnoll (D:1)
  9 orcs (D:3)
  2 ball pythons
  5 bats
  An endoplasm (D:2)
  A giant cockroach (D:2)
  4 goblins
  3 hobgoblins
  2 jackals (D:1)
  5 kobolds
  2 quokkas (D:1)
  3 frilled lizards
  4 rats
44 creatures vanquished.

Notes
Turn   | Place    | Note
-------+----------+-------------------------------------------
     0 | D:1      | SensoryNuts the Draconian Fighter began the quest for the
                  | Orb.
     0 | D:1      | Reached XP level 1. HP: 19/19 MP: 1/1
   119 | D:1      | Reached XP level 2. HP: 26/26 MP: 2/2
   454 | D:1      | Reached XP level 3. HP: 33/33 MP: 3/3
   687 | D:1      | Found a faded altar of an unknown god.
   701 | D:1      | Prayed at the altar of an unknown god.
   701 | D:1      | Became a worshipper of Elyvilon the Healer
   701 | D:1      | Reached * piety under Elyvilon
  1322 | D:2      | Found a blossoming altar of Fedhas.
  1593 | D:3      | Reached ** piety under Elyvilon
  2276 | D:3      | Noticed Jessica
  2279 | D:3      | Killed Jessica
  2280 | D:3      | Reached XP level 4. HP: 40/40 MP: 4/4
  2414 | D:3      | Found a runed translucent gate.
  2414 | D:3      | Noticed spiderkeys's ghost (amateur DEAK)
  2415 | D:3      | Found a runed translucent gate.
  2416 | D:3      | Found a runed translucent gate.
  2471 | D:3      | Elyvilon protects you from harm!
  2472 | D:3      | Gained mutation: You are covered in fur. (AC +1) [potion of
                  | mutation]
  2472 | D:3      | Gained mutation: Your body sometimes deteriorates upon
                  | taking damage. [potion of mutation]
  2472 | D:3      | Gained mutation: You expend magic power (3 MP) to
                  | strengthen your wands. [potion of mutation]
  2472 | D:3      | HP: 2/40 [spiderkeys's ghost/magic dart (7)]
  2474 | D:3      | Slain by spiderkeys's ghost

Illustrated notes

Levels and vault maps discovered:
D:1:      kilobyte_arrival_exit_the_forest, layout_loops_ring,
          ebering_ecumenical_altar_mist
D:2:      layout_basic, basic_altar
D:3:      layout_basic, biasface_ghost_orc_armoury, uniq_jessica

Skill      XL: |  1  2  3 |
---------------+----------+-----
Dodging        | 3 |  3.2
Long Blades    | 3 |  3.4
Fighting       | |  3.9
Stealth        | |  0.1
Shields        | |  3.3

Action                   |  1- 3 |  4- 6 || total
-------------------------+-------+-------++-------
Melee: Long sword        |    83 |    17 ||   100
       Tailslap          |    11 |       ||    11
  Use: Potion            |       |     4 ||     4
Armor: Skin              |    34 |     6 ||    40
Dodge: Dodged            |    61 |     8 ||    69
Block: Buckler           |    15 |     5 ||    20

Table legend: (Time is in decaauts)
 A = Elapsed time spent in this place.
 B = Non-inter-level travel time spent in this place.
 C = Inter-level travel time spent in this place.
 D = Time resting spent in this place.
 E = Time spent auto-exploring this place.
 F = Levels seen in this place.
 G = Mean time per level.
                   A        B        C        D        E       F      G
               +--------+--------+--------+--------+--------+-----+--------+
         Total |   2515 |   2515 |      0 |      0 |   2006 |   3 |  838.3 |
       Dungeon |   2515 |   2515 |      0 |      0 |   2006 |   3 |  838.3 |
               +--------+--------+--------+--------+--------+-----+--------+

Top non-repeatable levels by time:
     D:1: 955 daAuts
     D:3: 915 daAuts
     D:2: 645 daAuts
